 Dungeon Crawl Stone Soup version 0.31-a0-430-gf8416d752b (webtiles) character file.

Game seed: 7846130575296513566

22334 Ethylacetat the Mimic (level 12, -2/65 HPs)
             Began as a Vine Stalker Shapeshifter on July 31, 2023.
             Was an Initiate of Gozag.
             Slain by a komodo dragon (11 damage)
             ... on level 12 of the Dungeon.
             The game lasted 00:20:36 (8678 turns).

Ethylacetat the Mimic (Vine Stalker Shapeshifter)   Turns: 8678, Time: 00:20:37

Health: -2/65      AC:  6    Str: 18    XL:     12   Next: 99%
Magic:  0/22       EV: 16    Int:  8    God:    Gozag
Gold:   736        SH:  0    Dex: 20    Spells: 11/11 levels left

rFire   . . .        P - melded +11 dagger "Beast's Death Toll" {vamp, rPois Int+4}
rCold   . . .        l - melded orb {light}
rNeg    . . .        A - +2 scale mail {Will+}
rPois   .            (no helmet)
rElec   .            (no cloak)
rCorr   .            (gloves currently unavailable)
SInv    .            f - +2 pair of slick slippers {slick, slippery, EV+4}
Will    ++...        L - amulet of regeneration
Stlth   ++           h - ring of magical power
HPRegen 1.90/turn    D - +4 ring of slaying
MPRegen 0.18/turn

%: guardian spirit
@: blade hands, gold aura
A: fangs 3, regeneration 1, magic shield, antimagic bite, no potion heal 2
a: Begin Untransformation, Renounce Religion, Potion Petition, Call Merchant,
Bribe Branch


You were on level 12 of the Dungeon.
You worshipped Gozag.
Gozag was pleased with you.
You had blades for hands.
You visited 2 branches of the dungeon, and saw 13 of its levels.

You collected 1875 gold pieces.
You spent 1047 gold pieces at shops.
You paid 92 gold pieces to Gozag.

Inventory:

Hand Weapons
 P - the +11 dagger "Beast's Death Toll" (melded) {vamp, rPois Int+4}
   (You bought it in a shop on level 9 of the Dungeon)

   Int:       It affects your intelligence (+4).
   rPois:     It protects you from poison.
Missiles
 m - 2 datura-tipped darts
 B - 2 throwing nets
Armour
 f - the +2 pair of slick slippers (worn) {slick, slippery, EV+4}
   (You acquired it on level 11 of the Dungeon)

   Slick:     Its wearer cannot be constricted, engulfed, netted or webbed.
   Slippery:  Its wearer slips away from damaging melee attacks, pulling the
   attacker onward.
   EV:        It affects your evasion (+4).
 l - an orb of light (melded)
 A - a +2 scale mail of willpower (worn)
Jewellery
 h - a ring of magical power (left blade hand)
 D - a +4 ring of slaying (right blade hand)
 F - a ring of magical power
 L - an amulet of regeneration (around neck)
 M - a ring of resist corrosion
 O - a +6 ring of dexterity
Talismans
 c - a beast talisman
 z - a blade talisman (active)
Wands
 s - a wand of flame (15)
 w - a wand of iceblast (5)
 y - a wand of acid (15)
 K - a wand of polymorph (7)
Scrolls
 a - a scroll of fear
 d - 5 scrolls of teleportation
 e - 3 scrolls of identify
 j - 3 scrolls of poison
 k - a scroll of revelation
 n - 2 scrolls of vulnerability
 t - a scroll of summoning
 v - 2 scrolls of fog
 E - 2 scrolls of blinking
 H - a scroll of enchant weapon
 J - a scroll of noise {unknown}
Potions
 b - 4 potions of lignification
 o - 2 potions of resistance
 q - 2 potions of magic
 u - 3 potions of curing
 x - a potion of ambrosia


   Skills:
 + Level 8.6 Fighting
 - Level 1.5 Short Blades
 + Level 4.9 Dodging
 - Level 6.0 Stealth
 + Level 9.8 Unarmed Combat
 * Level 12.5 Shapeshifting


You had 11 spell levels left.
You didn't know any spells.
Your spell library contained the following spells:

 Spells                   Type           Power      Damage    Failure   Level
 Apportation              Tloc           0%         N/A       98%         1
 Blink                    Tloc           0%         N/A       99%         2
 Lesser Beckoning         Tloc           0%         N/A       99%         2
 Momentum Strike          Conj/Tloc      0%         3d8       99%         2
 Ozocubu's Armour         Ice            0%         N/A       100%        3
 Olgreb's Toxic Radiance  Pois           0%         N/A       100%        4
 Alistair's Intoxication  Tmut/Pois      0%         N/A       100%        5
 Ozocubu's Refrigeration  Ice            0%         4d7       100%        7
 Discord                  Hex            0%         N/A       100%        8
 Ignition                 Fire           0%         3d3       100%        8


Dungeon Overview and Level Annotations

Branches:
Dungeon (12/15)            Temple (1/1) D:6            Lair (0/5) D:9
    Orc (0/2) D:9

Altars:
Ashenzari
Cheibriados
Dithmenos
Elyvilon
Fedhas
Gozag
Hepliaklqana
Kikubaaqudgha
Makhleb
Nemelex Xobeh
Okawaru
Qazlal
Ru
Sif Muna
Trog
Uskayaw
Vehumet
Wu Jian
Xom
Yredelemnul
Zin
The Shining One

Shops:
D:9 (

Portals:
Trove: D:11 (show abyssal rune of Zot)

Annotations:
D:7 1 runed translucent door, iforgotmypassword's ghost, novice FoFi


Innate Abilities, Weirdness & Mutations

You have blades for hands.
Your spellcasting is less reliable in this form.
You are incapable of wielding weapons or throwing items.
You have razor-sharp teeth.
Your natural rate of healing is unusually fast.
When hurt, damage is shared between your health and your magic reserves.
Your bite disrupts and absorbs the magic of your enemies.
Potions cannot restore your health.


Message History

The manticore is almost dead.
You shred the manticore!!!
You kill the manticore!
You slice the eight-headed hydra!! You bite the eight-headed hydra.
You drain its power.
The eight-headed hydra is moderately wounded.
The eight-headed hydra bites you! x2
The eight-headed hydra bites you but does no damage. x2
The eight-headed hydra barely misses you.
The eight-headed hydra bites you but does no damage.
The eight-headed hydra barely misses you. x2
You hit the eight-headed hydra. You bite the eight-headed hydra!
You drain its power.
You feel invigorated.
The eight-headed hydra is heavily wounded.
The eight-headed hydra bites you!
The eight-headed hydra closely misses you.
The eight-headed hydra completely misses you.
The eight-headed hydra misses you. The eight-headed hydra bites you! x2
The eight-headed hydra barely misses you.
The eight-headed hydra bites you!
* * * LOW HITPOINT WARNING * * *
Okay, then.
You shred the eight-headed hydra!!!
The eight-headed hydra is almost dead.
The vampire mosquito is distracted by your dazzling golden aura.
The vampire mosquito buzzes angrily.
You slash the eight-headed hydra!
You kill the eight-headed hydra!
You slash the komodo dragon!
The komodo dragon is lightly wounded.
The komodo dragon bites you!
* * * LOW HITPOINT WARNING * * *
You slice the komodo dragon!!
The komodo dragon is almost dead.
The vampire mosquito is no longer distracted by gold.
The komodo dragon misses you.
The komodo dragon attacks as you move away!
The komodo dragon bites you!
You die...
Your body crumbles into a pile of gold.

.○e.. #E.# ### #lD###
#.# ##H#.# #.# #{$.#
#.# ###z## #######.#
##{y.#
####..(....####l###..#
#.......##....@.#
.....
###.#####.##)####.#
.#### ..#.# #.##.#
##.. .# p...# #p...#
#.# # ..#.## #.##.# .#
.....# #.##... #
p<.p... .........
....p#.#####.#####
.>.....# #.#


You could see a skeletal warrior, a komodo dragon and a vampire mosquito.

Vanquished Creatures
  Frances (D:12)
  Kirke (D:12)
  A hydra (D:12)
  2 two-headed ogres
  3 manticores
  A cyclops (D:11)
  3 unseen horrors
  A komodo dragon (D:10)
  A rime drake (D:9)
  3 trolls
  A shadow (D:9)
  11 yaks
  2 vampires (D:11)
  A hog (D:12)
  2 wraiths
  A wyvern (D:7)
  2 vampire mosquitoes (D:12)
  A water moccasin (D:8)
  A black bear (D:4)
  10 ice beasts
  2 wolves (D:9)
  2 centaurs
  3 kobold brigands
  3 bullfrogs
  4 gnoll sergeants
  2 scorpions
  4 wights (D:7)
  A killer bee (D:8)
  4 howler monkeys
  4 hounds
  A jelly (D:6)
  10 orc priests
  2 gnoll boudas
  Terence (D:3)
  3 iguanas
  16 orc wizards
  A centaur simulacrum (D:8)
  20 gnolls
  9 adders
  A shadow imp (D:5)
  4 white imps
  3 ufetubi
  2 worms
  3 dart slugs
  55 orcs
  7 ball pythons
  4 endoplasms
  A giant cockroach (D:1)
  6 hobgoblins
  6 jackals
  3 quokkas
  3 bats
  2 frilled lizards (D:1)
  A goblin (D:4)
  6 kobolds
  6 rats
254 creatures vanquished.

Vanquished Creatures (others)
  A butterfly (D:4)
1 creature vanquished.

Grand Total: 255 creatures vanquished

Notes
Turn   | Place    | Note
-------+----------+-------------------------------------------
     0 | D:1      | Ethylacetat the Vine Stalker Shapeshifter began the quest
                  | for the Orb.
     0 | D:1      | Reached XP level 1. HP: 9/9 MP: 2/2
    31 | D:1      | Reached skill level 1 in Fighting
   116 | D:1      | Reached XP level 2. HP: 12/14 MP: 1/3
   202 | D:1      | Found a faded altar of an unknown god.
   706 | D:2      | Reached XP level 3. HP: 18/18 MP: 4/4
  1032 | D:2      | Gained mutation: Your natural rate of healing is unusually
                  | fast. [Vine Stalker growth]
  1032 | D:2      | Reached XP level 4. HP: 20/23 MP: 5/5
  1459 | D:3      | Found a broken altar of Ashenzari.
  1516 | D:3      | Noticed Terence
  1525 | D:3      | Killed Terence
  1541 | D:3      | Found a sacrificial altar of Ru.
  2152 | D:4      | Noticed a black bear
  2169 | D:4      | Killed a black bear
  2170 | D:4      | Reached skill level 4 in Shapeshifting
  2170 | D:4      | Reached XP level 5. HP: 19/27 MP: 6/6
  2202 | D:4      | Found a white marble altar of Elyvilon.
  2265 | D:4      | Reached XP level 6. HP: 31/32 MP: 7/7
  2774 | D:4      | Found a radiant altar of Vehumet.
  2839 | D:4      | Reached skill level 5 in Shapeshifting
  2898 | D:4      | Reached XP level 7. HP: 36/36 MP: 8/8
  3123 | D:5      | Entered Level 5 of the Dungeon
  3596 | D:5      | Found a shadowy altar of Dithmenos.
  3815 | D:5      | Reached skill level 5 in Unarmed Combat
  3961 | D:6      | Found a staircase to the Ecumenical Temple.
  4135 | D:6      | Gained mutation: You have razor-sharp teeth. [Vine Stalker
                  | growth]
  4135 | D:6      | Reached XP level 8. HP: 30/42 MP: 9/9
  4142 | D:6      | Reached skill level 6 in Shapeshifting
  4718 | Temple   | Entered the Ecumenical Temple
  4726 | Temple   | Became a worshipper of Gozag Ym Sagoz the Greedy
  4774 | D:7      | Noticed a wyvern
  4786 | D:7      | Killed a wyvern
  5089 | D:7      | Reached skill level 7 in Shapeshifting
  5157 | D:7      | Found a runed translucent door.
  5454 | D:7      | Noticed iforgotmypassword's ghost (novice FoFi)
  5695 | D:8      | Reached skill level 5 in Fighting
  5695 | D:8      | Reached XP level 9. HP: 39/47 MP: 10/10
  5745 | D:8      | Found a stormy altar of Qazlal.
  5751 | D:8      | Found a shimmering altar of Xom.
  5886 | D:8      | Noticed a two-headed ogre
  5893 | D:8      | Killed a two-headed ogre
  5894 | D:8      | Reached skill level 8 in Shapeshifting
  6293 | D:8      | Found a hazy altar of Hepliaklqana.
  6374 | D:9      | Reached XP level 10. HP: 46/53 MP: 11/11
  6386 | D:9      | Reached skill level 9 in Shapeshifting
  6394 | D:9      | Found a staircase to the Lair.
  6479 | D:9      | Noticed a two-headed ogre
  6485 | D:9      | Killed a two-headed ogre
  6555 | D:9      | Found Fosk's Weapon Shoppe.
  6800 | D:9      | Reached skill level 10 in Shapeshifting
  6826 | D:9      | Found a staircase to the Orcish Mines.
  7061 | D:9      | Bought the +11 dagger "Beast's Death Toll" {vamp, rPois
                  | Int+4} for 1047 gold pieces
  7312 | D:10     | Entered Level 10 of the Dungeon
  7335 | D:10     | Noticed an unseen horror
  7341 | D:10     | Killed an unseen horror
  7342 | D:10     | Reached XP level 11. HP: 58/58 MP: 12/12
  7952 | D:11     | Noticed a cyclops
  7960 | D:11     | Killed a cyclops
  7967 | D:11     | Reached skill level 1 in Stealth
  8031 | D:11     | Found a portal to a secret trove of treasure.
  8065 | D:11     | Reached skill level 1 in Short Blades
  8294 | D:11     | Noticed a manticore
  8304 | D:11     | Killed a manticore
  8473 | D:11     | Reached skill level 12 in Shapeshifting
  8473 | D:11     | Reached XP level 12. HP: 64/64 MP: 13/13
  8487 | D:11     | Identified a scroll of acquirement
  8488 | D:11     | Acquired the +2 pair of slick slippers {slick, slippery,
                  | EV+4}
  8488 | D:11     | Found the +2 pair of slick slippers {slick, slippery, EV+4}
  8549 | D:12     | Noticed Kirke
  8556 | D:12     | Noticed Frances
  8566 | D:12     | Killed Kirke
  8573 | D:12     | Killed Frances
  8653 | D:12     | Noticed an eight-headed hydra
  8675 | D:12     | Killed an eight-headed hydra
  8678 | D:12     | Slain by a komodo dragon

Illustrated notes

Levels and vault maps discovered:
D:1:      roderic_crossed_star, layout_rooms, ebering_ecumenical_altar_ruins
D:2:      layout_loops_ring, skrybe_limestone_x, minmay_tripent
D:3:      layout_loops_ring, mainiacjoe_overflow_small_starburst,
          overflow_temple_1_default, nicolae_figureground_sparkle, uniq_terence
D:4:      layout_basic, nicolae_elyvilon_peaceful_grove, vehumet_crystals
D:5:      layout_basic, nicolae_dithmenos_through_a_glass_darkly,
          grunt_decor_arrowhead
D:6:      layout_basic, minmay_temple_entry_large_hall, grunt_ministairs_12
D:7:      layout_loops_corners, gammafunk_ghost_grave
D:8:      minmay_evil_eye, layout_rooms, mainiacjoe_overflow_large_starburst,
          lemuel_coloured_pillars_altar, serial_ice, serial_ice_g, serial_ice_m,
          serial_ice_c, serial_ice_b
D:9:      kennysheep_spiral_hall, layout_basic, hellmonk_lair_entry_icy,
          hiddenorc2_lemuel, serial_shops, shop
D:10:     layout_rooms
D:11:     layout_roguey, nicolae_trove_entry_isolated, dreamdust_gnoll_shepherd
D:12:     minmay_bloctagon, layout_loops_ring, uniq_kirke, uniq_frances
Temple:   eino_narrow_crystal_temple

Skill      XL: |  1  2  3  4  5  6  7  8  9 10 11 |
---------------+----------------------------------+-----
Fighting       | 1 2 3 5 6 7 8 |  8.6
Unarmed Combat | 4 5 6 7 8 9 |  9.8
Shapeshifting  | 4 5 7 8 10 12 | 12.5
Dodging        | 4 |  4.9
Stealth        | 6 |  6.0
Short Blades   | 1 |  1.5

Action                     |  1- 3 |  4- 6 |  7- 9 | 10-12 || total
---------------------------+-------+-------+-------+-------++-------
  Melee: Unarmed           |    69 |    11 |       |    35 ||   115
         Bite              |    12 |    40 |   113 |   106 ||   271
         Punch             |     1 |       |       |     2 ||     3
         Dagger            |       |    99 |   244 |   217 ||   560
    Use: Potion            |       |       |       |    14 ||    14
         Scroll            |       |       |       |    11 ||    11
   Stab: Distracted        |       |       |     2 |     2 ||     4
 Armour: Animal skin       |     8 |    33 |       |       ||    41
         Scale mail        |       |    20 |   129 |    74 ||   223
  Dodge: Dodged            |    41 |    82 |   126 |   125 ||   374
         Form:             |       |       |       |     1 ||     1
         Blade             |       |       |       |     1 ||     1

Table legend: (Time is in decaauts)
 A = Elapsed time spent in this place.
 B = Non-inter-level travel time spent in this place.
 C = Inter-level travel time spent in this place.
 D = Time resting spent in this place.
 E = Time spent auto-exploring this place.
 F = Levels seen in this place.
 G = Mean time per level.
                   A        B        C        D        E       F      G
               +--------+--------+--------+--------+--------+-----+--------+
         Total |   8625 |   8204 |    421 |    300 |   6433 |  13 |  663.5 |
       Dungeon |   8608 |   8194 |    414 |    300 |   6433 |  12 |  717.3 |
        Temple |     16 |      9 |      7 |      0 |      0 |   1 |   16.0 |
               +--------+--------+--------+--------+--------+-----+--------+

Top non-repeatable levels by time:
     D:4: 1111 daAuts
     D:9: 967 daAuts
     D:7: 918 daAuts
     D:6: 825 daAuts
     D:5: 795 daAuts
     D:2: 771 daAuts
    D:11: 719 daAuts
     D:3: 680 daAuts
     D:8: 663 daAuts
     D:1: 554 daAuts
    D:10: 495 daAuts
    D:12: 105 daAuts
  Temple: 16 daAuts
